AoeStats
← Giye

Arena

509296519Analyzed
4v4 RM · 7d ago on Sep 26, 2026· 47m 28s· 8 players
Game mode
Random Map
Map size
Large (8 player)
Population
200
Speed
Normal
Resources
Standard
Victory
Conquest
Starting age
Dark Age
Ending age
Imperial Age
RankedLock teamsTeams togetherTeam positionsShared explorationLock speedFull tech treeHidden civsTurbo modeCheats
Victory
Defeat
🇨🇴 Cumans · Colombia
901
+11
🇨🇴 Romans · Colombia
901
+11
🇪🇸 Varangians · Spain
820
+14
🇦🇷 Saxons · Argentina
647
+22
🇹🇼 Aztecs · Taiwan
873
-18
🇨🇳 Magyars · China
769
-14
🇨🇳 Franks · China
768
-14
🇨🇳 Mongols · China
725
-12
南瓜小公主
0:27 Loom
11:06 Feudal Age
14:55 Castle Age
13:48 Double-Bit Axe
16:45 Horse Collar
20:19 Wheelbarrow
21:13 Squires
22:02 Heavy Plow
21:29 Pikeman
23:52 Bow Saw
24:13 Gold Mining
25:14 Forging
26:13 Gold Shaft Mining
25:53 Eagle Warrior
27:29 Iron Casting
26:54 Scale Mail Armor
27:37 Hand Cart
28:26 Stone Mining
32:04 Imperial Age
32:17 Chain Mail Armor
31:52 Fletching
32:27 Ballistics
32:18 Fortified Wall
31:58 Town Watch
32:54 Stone Shaft Mining
32:36 Padded Archer Armor
32:45 Town Patrol
32:15 Elite Eagle Warrior
33:42 Conscription
33:43 Garland Wars
35:50 Blast Furnace
35:20 Plate Mail Armor
34:46 Bodkin Arrow
37:20 Leather Archer Armor
37:37 Coinage
36:53 Treadmill Crane
37:08 Murder Holes
38:14 Chemistry
36:59 Arrowslits
38:08 Crop Rotation
40:09 Siege Engineers
40:07 Bracer
40:12 Onager
chentao_1209
11:25 Feudal Age
15:45 Castle Age
17:48 Wheelbarrow
17:41 Horse Collar
30:46 Double-Bit Axe
32:03 Corvinian Army
37:23 Bow Saw
38:13 Heavy Plow
43:54 Imperial Age
41:50 Gold Mining
43:19 Hand Cart
44:24 Thumb Ring
44:19 Fletching
44:30 Padded Archer Armor
45:57 Two-Man Saw
45:23 Conscription
46:08 Ballistics
47:56 Parthian Tactics
OTZ==3
1:23 Loom
10:17 Feudal Age
14:35 Castle Age
12:38 Double-Bit Axe
13:02 Horse Collar
noob
10:53 Feudal Age
11:40 Double-Bit Axe
15:23 Loom
18:13 Castle Age
16:11 Gold Mining
17:05 Stone Mining
18:35 Fletching
18:50 Padded Archer Armor
19:29 Bow Saw
21:25 Gold Shaft Mining
22:06 Town Watch
22:51 Bodkin Arrow
24:35 Ordonnance Companies
26:57 Leather Archer Armor
35:41 Imperial Age
33:46 Wheelbarrow
33:12 Town Patrol
34:06 Scale Barding Armor
35:18 Husbandry
35:41 Chain Barding Armor
35:34 Town Patrol
35:49 Hand Cart
36:52 Conscription
36:34 Chivalry
36:48 Forging
36:02 Elite Skirmisher
37:25 Ballistics
37:17 Masonry
36:39 Cranequins
36:42 Elite Skirmisher
39:01 Hand Cart
38:34 Treadmill Crane
39:58 Chemistry
39:17 Scale Mail Armor
40:28 Architecture
40:41 Plate Barding Armor
41:38 Siege Engineers
42:24 Hoardings
42:29 Elite Throwing Axeman
43:10 Cranequins
47:48 Chain Mail Armor
Ruizard7925
11:11 Feudal Age
15:50 Man-at-Arms
18:13 Forging
18:16 Town Watch
18:55 Scale Mail Armor
25:57 Castle Age
26:50 Double-Bit Axe
26:59 Gold Mining
27:54 Stone Mining
29:30 Town Watch
32:02 Wheelbarrow
34:32 Imperial Age
34:46 Imperial Age
33:39 Gold Shaft Mining
33:24 Bow Saw
34:12 Ballistics
35:01 Ballistas
35:03 Loom
36:22 Hand Cart
36:18 Heavy Scorpion
38:27 Chemistry
38:16 Town Patrol
sacoco5883
10:18 Feudal Age
11:31 Double-Bit Axe
24:04 Castle Age
25:24 Wheelbarrow
24:36 Loom
24:46 Gold Mining
25:18 Horse Collar
28:00 Steppe Husbandry
29:18 Gold Shaft Mining
29:28 Heavy Plow
29:44 Stone Mining
30:21 Bow Saw
31:16 Forging
31:14 Scale Barding Armor
31:29 Bloodlines
32:22 Hand Cart
31:54 Town Watch
32:50 Iron Casting
33:15 Light Cavalry
34:48 Chain Barding Armor
42:33 Imperial Age
42:43 Elite Steppe Lancer
44:05 Hussar
48:01 Conscription
Balasar
11:42 Feudal Age
12:34 Double-Bit Axe
12:33 Horse Collar
18:59 Castle Age
20:18 Gambesons
22:13 Bow Saw
23:02 Wheelbarrow
24:42 Gold Mining
25:04 Man-at-Arms
27:28 Stone Mining
28:18 Forging
29:17 Long Swordsman
29:57 Squires
29:43 Arson
29:20 Pikeman
30:13 Caravan
30:20 Heavy Plow
31:08 Scale Mail Armor
31:43 Iron Casting
32:11 Hand Cart
34:17 Town Watch
37:13 Imperial Age
36:13 Clerical Recruitment
38:55 Chain Mail Armor
38:57 Elite Hearth Troop
39:57 Conscription
39:05 Two-Handed Swordsman
42:46 Crop Rotation
42:48 Plate Mail Armor
41:46 Elite Varangian Guard
42:08 Shield Wall
44:51 Chemistry
46:33 Two-Man Saw
Giye
10:22 Feudal Age
10:57 Loom
15:22 Town Watch
18:30 Castle Age
19:10 Fletching
20:19 Double-Bit Axe
24:09 Bow Saw
30:15 Bloodlines
30:09 Horse Collar
32:59 Gambesons
33:15 Squires
33:02 Arson
33:40 Forging
33:31 Scale Mail Armor
35:17 Ballistics
34:53 Murder Holes
36:43 Heavy Plow
37:33 Gold Mining
40:41 Imperial Age
41:00 Gothikon
44:37 Crop Rotation
44:28 Elite Varangian Guard
Connection lost

Rejoining the realm…

Still unreachable

The connection could not be restored.

Session expired

The server has moved on; the page needs a fresh start.